 Dungeon Crawl Stone Soup version 0.18-a0-1805-g8ab820f (webtiles) character file.

70 Zhenya25pyc the Covered (level 4, 0/28 HPs)
             Began as a Gargoyle Fighter on Apr 25, 2016.
             Slain by Slimper123's ghost (1 damage)
             ... on level 3 of the Dungeon.
             The game lasted 00:04:08 (1987 turns).

Zhenya25pyc the Covered (Gargoyle Fighter)          Turns: 1987, Time: 00:04:08

Health: 0/28       AC: 17    Str: 21    XL:     4   Next: 21%
Magic:  4/4        EV: -5    Int:  8    God:
Gold:   119        SH:  9    Dex:  9    Spells: 0 memorised, 3 levels left

rFire  . . .     SeeInvis .     a - +0 flail
rCold  + + .     Gourm    .     o - +0 gold dragon armour
rNeg   + . .     Faith    .     c - +0 shield
rPois  ∞         Spirit   .     (no helmet)
rElec  +         Dismiss  .     (no cloak)
rCorr  .         Reflect  .     (no gloves)
SustAt .         Harm     .     (no boots)
MR     .....                    (no amulet)
Stlth  ..........               (no ring)
                                m - ring of ice

@: not resistant to hostile enchantments, extremely unstealthy
A: negative energy resistance 1, electricity resistance, unbreathing,
petrification resistance, rot immunity, AC +3
a: no special abilities


You were on level 3 of the Dungeon.
You were not hungry.

You visited 1 branch of the dungeon, and saw 3 of its levels.

You collected 119 gold pieces.

Inventory:

Hand Weapons
 a - a +0 flail (weapon)
Armour
 c - a +0 shield (worn)
 o - a +0 gold dragon armour (worn)
Jewellery
 m - a ring of ice (left hand)
 r - an uncursed amulet of faith {unknown}
Scrolls
 b - 3 scrolls of identify {unknown}
 i - a scroll of fear {unknown}
 p - 2 scrolls of teleportation {unknown}
 q - a scroll of remove curse {unknown}
Potions
 d - 3 potions of might
 e - 2 potions of heal wounds {unknown}
 g - a potion of flight {unknown}
 k - a potion of agility {unknown}
 l - a potion of haste {unknown}
 n - a potion of invisibility {unknown}
Comestibles
 f - 3 bread rations
 h - 2 meat rations
 j - a slice of pizza


   Skills:
 + Level 3.5 Fighting
 * Level 3.5 Maces & Flails
 + Level 3.8 Armour
 + Level 3.6 Shields


You had 3 spell levels left.
You didn't know any spells.

Dungeon Overview and Level Annotations

Branches:
Dungeon (3/15)

Altars:
Xom

Annotations:
D:3 Slimper123's ghost, amateur SpAs


Innate Abilities, Weirdness & Mutations

You are resistant to torment.
Your stone body is resilient (AC +3).
You are immune to poison.
You resist negative energy.
You are resistant to electric shocks.
You can survive without breathing.
You are immune to petrification.
You are immune to rotting.


Message History

You miss Slimper123's ghost.
Slimper123's ghost hits you but does no damage.
You closely miss Slimper123's ghost. You block Slimper123's ghost's attack.
Your gold dragon armour prevents you from hitting Slimper123's ghost.
You block Slimper123's ghost's attack. Slimper123's ghost hits you.
There is a stone staircase leading up here.
You closely miss Slimper123's ghost. You block Slimper123's ghost's attack.
You miss Slimper123's ghost.
Slimper123's ghost hits you but does no damage.
You block Slimper123's ghost's attack.
You miss Slimper123's ghost.
The orc priest mumbles some strange prayers to Beogh against you.
Beogh smites you!
Ouch! That really hurt!
* * * LOW HITPOINT WARNING * * *
Slimper123's ghost hits you but does no damage.
You are too injured to fight recklessly!
Slimper123's ghost hits you.
You die...

....####..#
...#..#..#
..#..#..#
#.#..#..#
#.#..#..#
#....#..#
######[#..#
......[.W..#
#######.#@[#
....)....#
#####.#.##
#.#.. #.###
#.# #[


You could see Slimper123's ghost.

Vanquished Creatures
  2 adders (D:2)
  A dart slug (D:3)
  3 giant geckos (D:2)
  3 orcs (D:3)
  A ball python (D:2)
  6 bats
  9 hobgoblins
  9 kobolds
  A giant newt (D:1)
  3 goblins (D:1)
  4 rats
42 creatures vanquished.

Vanquished Creatures (others)
  5 toadstools (D:1)
5 creatures vanquished.

Grand Total: 47 creatures vanquished

Notes
Turn   | Place    | Note
--------------------------------------------------------------
     0 | D:1      | Zhenya25pyc the Gargoyle Fighter began the quest for the Orb.
     0 | D:1      | Reached XP level 1. HP: 14/14 MP: 1/1
    64 | D:1      | Reached XP level 2. HP: 15/19 MP: 2/2
   529 | D:1      | Reached XP level 3. HP: 23/23 MP: 3/3
   925 | D:2      | Found a shimmering altar of Xom.
  1102 | D:3      | Noticed Slimper123's ghost (amateur SpAs)
  1219 | D:2      | Reached XP level 4. HP: 7/28 MP: 4/4
  1986 | D:3      | HP: 1/28 [orc priest/divine providence (16)]
  1987 | D:3      | Slain by Slimper123's ghost

Vault maps used:
D:1:      ldierk_walled_garden
D:2:      marbit_many_paths
D:3:      led_sif_pool, grunt_gozag_breadcrumbs, nicolae_qazlal_eye_of_the_storm

Skill      XL: |  1  2  3 |
---------------+----------+-----
Maces & Flails | 3 |  3.5
Fighting       | |  3.5
Armour         | |  3.8
Shields        | |  3.6

Action                   |  1- 3 |  4- 6 || total
-------------------------+-------+-------++-------
Melee: Flail             |   215 |   261 ||   476
  Eat: Chunk             |     2 |     3 ||     5
Armor: Scale mail        |    57 |       ||    57
       Gold dragon armou |   128 |   199 ||   327
Dodge: Dodged            |    36 |     8 ||    44
Block: Shield            |   135 |   103 ||   238
